 Dungeon Crawl Stone Soup version 0.31.0-32-g396128a36d (webtiles) character file.

Game seed: 11232595717750297883

1381003 postfeelist the Axe Maniac (level 27, 156/225 HPs)
             Began as a Hill Orc Fighter on Mar 19, 2024.
             Was a Priest of Nemelex Xobeh.
             Escaped with the Orb
             ... and 3 runes on Mar 20, 2024!
             The game lasted 05:16:34 (110388 turns).

postfeelist the Axe Maniac (Hill Orc Fighter)     Turns: 110388, Time: 05:16:34

Health: 156/225    AC: 40    Str: 37    XL:     27
Magic:  40/40      EV: 12    Int: 10    God:    Nemelex Xobeh [***...]
Gold:   5203       SH: 23    Dex:  9    Spells: 26/26 levels left

rFire   + + .        A - +8 mithril axe "Arga" {speed, Will+}
rCold   + + .        l - +1 tower shield
rNeg    + + .        H - +1 gold dragon scales
rPois   +            P - +2 hat {SInv}
rElec   +            J - +1 cloak {Will+}
rCorr   .            b - +2 pair of gloves
SInv    +            f - +2 pair of boots {Fly}
Will    ++++.        v - dreamshard necklace {Acrobat *Dream} Stlth
                     o - ring "Kyvudghya" {rF+ rC+ rN+}
HPRegen 0.57/turn    i - ring "Feesifur" {^Drain Fly rElec rPois rN+ Int+3}
MPRegen 0.27/turn

%: acrobat
@: flying, hasted, studying 2 skills, invisible, very quick
A: talons 1, frail 1, sense surroundings 1, strong 1, MP-powered wands
0: Orb of Zot
}: 3/15 runes: decaying, serpentine, slimy
a: Renounce Religion, Draw Escape, Draw Destruction, Draw Summoning, Triple Draw


You escaped.
You worshipped Nemelex Xobeh.
Nemelex Xobeh was most pleased with you.
You visited 12 branches of the dungeon, and saw 55 of its levels.
You visited 1 bazaar.
You also visited: Ossuary, Bailey and Ice Cave.

You collected 8873 gold pieces.
You spent 3670 gold pieces at shops.

Inventory:

Hand Weapons
 h - a +3 broad axe of electrocution
 t - a +9 broad axe of flaming
 A - the +8 mithril axe "Arga" (weapon) {speed, Will+}
   (You acquired it on level 2 of the Swamp)

   Will+:     It increases your willpower.
 D - a +9 broad axe of flaming
 M - the +7 war axe of the Protecting Gods {venom, ^Drain Str+7 SInv}
   (You found it on level 2 of the Depths)

   Str+7:     It affects your strength (+7).
   SInv:      It lets you see invisible.
   ^Drain:    It drains your maximum health when unequipped.
Armour
 a - the -2 hat of the Alchemist {rElec rPois rF+ rC+ rN+ Will+ rMut rCorr}
   (You bought it in a shop on level 2 of the Elven Halls)

   rF+:       It protects you from fire.
   rC+:       It protects you from cold.
   rElec:     It insulates you from electricity.
   rPois:     It protects you from poison rN+: It protects you from negative
   energy.
   Will+:     It increases your willpower.
   rCorr:     It protects you from acid and corrosion.
   rMut:      It protects you from mutation.
 b - a +2 pair of gloves (worn)
 f - a +2 pair of boots of flying (worn)
 l - a +1 tower shield (worn)
 H - +1 gold dragon scales (worn)
 J - a +1 cloak of willpower (worn)
 P - a +2 hat of see invisible (worn)
Jewellery
 i - the ring "Feesifur" (right hand) {^Drain Fly rElec rPois rN+ Int+3}
   (You found it on level 5 of the Dungeon)

   [ring of flight]

   Int+3:     It affects your intelligence (+3).
   rElec:     It insulates you from electricity.
   rPois:     It protects you from poison rN+: It protects you from negative
   energy.
   Fly:       It grants you flight.
   ^Drain:    It drains your maximum health when unequipped.
 j - a +4 ring of slaying
 m - a +6 ring of strength
 n - the ring "Lihuq" {Fire Str+3}
   (You found it on level 5 of the Pits of Slime)

   [ring of fire]

   Fire:      It enhances your fire magic.
   Str+3:     It affects your strength (+3).
   rF+:       It protects you from fire.
   rC-:       It makes you vulnerable to cold.
 o - the ring "Kyvudghya" (left hand) {rF+ rC+ rN+}
   (You bought it in a shop on level 6 of the Dungeon)

   [ring of positive energy]

   rF+:       It protects you from fire.
   rC+:       It protects you from cold.
   rN+:       It protects you from negative energy.
 u - the ring of Wogots {Fire ^Drain rPois Will++ Str+2}
   (You found it on level 2 of the Depths)

   [ring of fire]

   Fire:      It enhances your fire magic.
   Str+2:     It affects your strength (+2).
   rF+:       It protects you from fire.
   rC-:       It makes you vulnerable to cold.
   rPois:     It protects you from poison Will++: It greatly increases your
   willpower.
   ^Drain:    It drains your maximum health when unequipped.
 v - the dreamshard necklace (around neck) {Acrobat *Dream}
   (You bought it in a shop on level 6 of the Dungeon)

   [amulet of the acrobat]

   *Dream:    It absorbs a single lethal wound into itself, holding its wearer
   just short of death and releasing dream-creatures to guard them.
   Acrobat:   It increases your evasion while moving and waiting.
 R - an amulet of faith
 S - an amulet of guardian spirit
Wands
 q - a wand of digging (15)
 B - a wand of roots (50)
 C - a wand of flame (37) (quivered)
 X - a wand of charming (17)
 Y - a wand of polymorph (6)
Scrolls
 x - 11 scrolls of teleportation
 y - 14 scrolls of fog
 F - 4 scrolls of blinking
 G - 10 scrolls of fear
 I - 11 scrolls of revelation
 N - 9 scrolls of immolation
 O - a scroll of summoning
 T - 4 scrolls of poison
Potions
 c - 4 potions of resistance
 d - 8 potions of might
 e - 12 potions of curing
 k - 13 potions of mutation
 p - 14 potions of attraction
 r - 8 potions of enlightenment
 s - 3 potions of haste
 w - 2 potions of ambrosia
 E - 12 potions of lignification
 Q - 5 potions of magic
 U - 3 potions of berserk rage
 V - 2 potions of cancellation
 Z - 2 potions of invisibility
Miscellaneous
 K - a lightning rod (4/4)
 L - a condenser vane


   Skills:
 - Level 21.2 Fighting
 O Level 27 Axes
 - Level 4.5 Throwing
 + Level 26.1 Armour
 - Level 12.9 Dodging
 + Level 25.1 Shields
 + Level 26.3 Invocations
 - Level 12.6 Evocations


You had 26 spell levels left.
You didn't know any spells.
Your spell library contained the following spells:

 Spells                   Type           Power      Damage    Failure   Level
 Apportation              Tloc           0%         N/A       87%         1
 Foxfire                  Conj/Fire      0%         2x1d4     87%         1
 Freeze                   Ice            0%         1d3       87%         1
 Magic Dart               Conj           0%         1d3       87%         1
 Sandblast                Erth           0%         2d4       87%         1
 Shock                    Conj/Air       0%         1d3       87%         1
 Sting                    Conj/Alch      0%         1d3       87%         1
 Summon Small Mammal      Summ           0%         N/A       87%         1
 Blink                    Tloc           0%         N/A       95%         2
 Call Imp                 Summ           0%         N/A       95%         2
 Cigotuvi's Dreadful Rot  Necr/Alch/Air  0%         N/A       95%         2
 Ensorcelled Hibernation  Hex/Ice        0%         N/A       95%         2
 Jinxbite                 Hex            0%         N/A       95%         2
 Mercury Vapours          Alch/Air       0%         N/A       95%         2
 Scorch                   Fire           0%         2d5       95%         2
 Static Discharge         Conj/Air       0%         3-3/arc   95%         2
 Sublimation of Blood     Necr           0%         N/A       95%         2
 Call Canine Familiar     Summ           0%         N/A       99%         3
 Dazzling Flash           Conj/Hex       0%         N/A       99%         3
 Frozen Ramparts          Ice            0%         1d1       99%         3
 Fugue of the Fallen      Necr           0%         N/A       99%         3
 Gell's Gravitas          Tloc           0%         N/A       99%         3
 Hailstorm                Conj/Ice       0%         3d5       99%         3
 Mephitic Cloud           Conj/Alch/Air  0%         N/A       99%         3
 Ozocubu's Armour         Ice            0%         N/A       99%         3
 Passwall                 Erth           0%         N/A       99%         3
 Stone Arrow              Conj/Erth      0%         3d7       99%         3
 Summon Ice Beast         Ice/Summ       0%         N/A       99%         3
 Swiftness                Air            0%         N/A       99%         3
 Teleport Other           Tloc           0%         N/A       99%         3
 Tukima's Dance           Hex            0%         N/A       99%         3
 Volatile Blastmotes      Fire/Tloc      0%         2d10      99%         3
 Airstrike                Air            0%         2d(0-16)  100%        4
 Animate Armour           Summ/Erth      0%         N/A       100%        4
 Animate Dead             Necr           0%         N/A       100%        4
 Brom's Barrelling Bould  Conj/Erth      0%         2d3       100%        4
 Dimensional Bullseye     Hex/Tloc       0%         N/A       100%        4
 Dispel Undead            Necr           0%         3d6       100%        4
 Ignite Poison            Fire/Alch      0%         N/A       100%        4
 Iskenderun's Mystic Bla  Conj/Tloc      0%         2d3       100%        4
 Manifold Assault         Tloc           0%         N/A       100%        4
 Martyr's Knell           Necr/Summ      0%         N/A       100%        4
 Olgreb's Toxic Radiance  Alch           0%         N/A       100%        4
 Passage of Golubria      Tloc           0%         N/A       100%        4
 Summon Blazeheart Golem  Fire/Summ      0%         N/A       100%        4
 Summon Lightning Spire   Summ/Air       0%         N/A       100%        4
 Alistair's Intoxication  Alch           0%         N/A       100%        5
 Curse of Agony           Necr           0%         N/A       100%        5
 Fireball                 Conj/Fire      0%         3d3       100%        5
 Freezing Cloud           Conj/Ice/Air   0%         6-21      100%        5
 Irradiate                Conj/Alch      0%         3d11      100%        5
 Iskenderun's Battlesphe  Conj           0%         2d6       100%        5
 Lee's Rapid Deconstruct  Erth           0%         3d4*      100%        5
 Metabolic Englaciation   Hex/Ice        0%         N/A       100%        5
 Silence                  Hex/Air        0%         N/A       100%        5
 Summon Forest            Summ/Tloc      0%         N/A       100%        5
 Summon Mana Viper        Hex/Summ       0%         N/A       100%        5
 Yara's Violent Unravell  Hex/Alch       0%         3d3       100%        5
 Bombard                  Conj/Erth      0%         9d1       100%        6
 Death Channel            Necr           0%         N/A       100%        6
 Dispersal                Tloc           0%         N/A       100%        6
 Eringya's Noxious Bog    Alch           0%         4d6       100%        6
 Plasma Beam              Fire/Air       0%         2x1d10    100%        6
 Sculpt Simulacrum        Ice/Alch       0%         N/A       100%        6
 Starburst                Conj/Fire      0%         6d3       100%        6
 Summon Cactus Giant      Summ           0%         N/A       100%        6
 Enfeeble                 Hex            0%         N/A       100%        7
 Haunt                    Necr/Summ      0%         N/A       100%        7
 Spellforged Servitor     Conj/Summ      0%         N/A       100%        7
 Summon Hydra             Summ           0%         N/A       100%        7
 Borgnjor's Revivificati  Necr           0%         N/A       100%        8
 Ignition                 Fire           0%         3d3       100%        8
 Infestation              Necr           0%         N/A       100%        8
 Lehudib's Crystal Spear  Conj/Erth      0%         10d2      100%        8
 Maxwell's Capacitive Co  Air            0%         ∞         100%        8
 Death's Door             Necr           0%         N/A       100%        9
 Dragon's Call            Summ           0%         N/A       100%        9
 Polar Vortex             Ice            0%         N/A       100%        9


Dungeon Overview and Level Annotations

Branches:
Dungeon (15/15)            Temple (1/1) D:4            Lair (5/5) D:8
  Swamp (4/4) Lair:2        Snake (4/4) Lair:2        Slime (5/5) Lair:4
    Orc (2/2) D:10            Elf (3/3) Orc:2        Vaults (4/5) D:13
  Crypt (3/3) Vaults:3       Tomb (0/3) Crypt:3      Depths (4/4) D:15
    Zot (5/5) Depths:4    Ossuary (visited)          Bailey (visited)
  IceCv (visited)

Altars:
Ashenzari
Cheibriados
Dithmenos
Elyvilon
Fedhas
Gozag
Hepliaklqana
Kikubaaqudgha
Makhleb
Nemelex Xobeh
Okawaru
Qazlal
Ru
Sif Muna
Trog
Uskayaw
Vehumet
Wu Jian
Xom
Yredelemnul
Zin
The Shining One
Beogh
Jiyva

Shops:
D:6 :=   Orc:1 !   Orc:2 *[?=   Elf:2 ([=   Vaults:2 =   Depths:2 :
Depths:4 :

Portals:
Hell: Depths:1 Depths:2 Depths:3 Depths:4
Abyss: Depths:3
Pandemonium: Depths:2
Ziggurat: Depths:2
Trove: D:15 (show abyssal rune of Zot)

Annotations:
D:3 3 runed translucent doors, mora's ghost, amateur DjAE
D:10 2 transporters, fridis's ghost, novice MiFi
Lair:5 exclusions: obsidian statue and oklob plant


Innate Abilities, Weirdness & Mutations

You have sharp toenails.
You are frail. (-10% HP)
You passively map a small area around you.
Your muscles are strong. (Str +4, Int/Dex -1)
You expend magic power (3 MP) to strengthen your wands.


Message History

The hellephant is moderately wounded.
The hellephant blinks!
The hellephant blinks!
You hit the hellephant but do no damage.
The hellephant is moderately wounded.
The hellephant breathes flames at you. The blast of flame hits you!!
You resist.
You slash the hellephant!
The hellephant is moderately wounded.
You closely miss the hellephant.
The hellephant is moderately wounded.
You slice the hellephant!!
The hellephant is heavily wounded.
You block the hellephant's attack. The hellephant closely misses you.
You block the hellephant's attack.
You slice the hellephant!!
The hellephant is heavily wounded.
You hit the hellephant.
The hellephant is heavily wounded.
The hellephant tramples you but does no damage.
The hellephant bites you but does no damage.
You block the hellephant's attack.
You slice the hellephant!!
The hellephant is severely wounded.
You slash the hellephant!
The hellephant is severely wounded.
The hellephant blinks!
You feel yourself speed up. The hellephant breathes flames at you.
The blast of flame hits you! You resist.
You fade into invisibility!
An Orb Guardian comes into view.
You miss the Orb Guardian. The Orb Guardian completely misses you.
The Orb Guardian closely misses you.
The Orb Guardian attacks as it pursues you!
You block the Orb Guardian's attack.
There is a staircase leading out of the dungeon here.
The Orb Guardian closely misses you.
You have escaped!

#..........................
#.....####..#.##.#####.....
#.....# #.....#.# #.###. #
#.....# ##.####.# #.##.. #####
#.....#####......#####.##.. #...#
#........####.......#...#.. #...#
#..≈≈≈≈...##...≈≈≈≈..##.#.. ....#
#.≈≈≈≈≈§....Y.≈≈≈≈≈≈.##.... #...#
#.≈≈≈≈≈≈..@X..≈≈≈≈≈≈.##....
#...###.≈§≈≈≈≈......≈≈≈≈≈≈.#.....
#........§≈≈§..####..≈≈≈≈....#...
#...##........## ##.........#...
#...###.......# #.#.......#...
#...# ###.....## ##.#....##.....
#...# #......####..............
#########....#......#........#...
#....##..............#.....#.##


You could see a hellephant (unable to see you) and an Orb Guardian.

Vanquished Creatures
  A dread lich (Crypt:1)
  3 ancient liches (Zot:5)
  Khufu (Crypt:1)
  3 orbs of fire (Zot:5)
  Mara (Depths:3)
  A juggernaut (Depths:4)
  2 royal mummies
  Bai Suzhen (Crypt:1)
  Sojobo (Depths:2)
  Boris (Crypt:1)
  Vv (Depths:2)
  7 Killer Klowns (Zot:5)
  Vashnia (Snake:4)
  Saint Roka (Snake:4)
  A curse toe (Zot:4)
  3 caustic shrikes (Depths:2)
  10 golden dragons
  A doom hound (Zot:2)
  7 electric golems
  An Ice Fiend (Zot:2)
  5 liches
  11 tentacled monstrosities
  3 deep elf blademasters
  24 Orb Guardians
  A deep elf master archer (Elf:3)
  4 sphinxes
  4 quicksilver dragons
  An Executioner (Zot:5)
  Gastronok (Lair:1)
  13 acid blobs
  10 death cobs
  11 ancient champions
  2 thorn hunters (Swamp:3)
  3 tengu reavers
  7 storm dragons
  Donald (Snake:4)
  Aizul (Snake:1)
  5 draconian knights
  13 rockslimes
  7 protean progenitors
  9 shadow dragons
  2 revenants
  11 draconian monks
  6 nagarajas
  A fenstrider witch (Swamp:1)
  10 azure jellies
  2 deep elf sorcerers (Elf:3)
  7 frost giants
  9 fire giants
  9 vault wardens
  2 angels (Vaults:4)
  4 iron dragons
  5 draconian shifters
  A curse skull (Crypt:3)
  3 draconian stormcallers
  9 draconian scorchers
  2 ghost moths
  A reaper (Crypt:3)
  4 ghouls (Swamp:2)
  17 ironbound preservers
  11 stone giants
  3 broodmothers
  5 deep elf elementalists
  5 draconian annihilators
  4 orc warlords
  19 very ugly things
  8 quicksilver oozes
  A formless jellyfish (Vaults:2)
  7 vampire knights
  8 ironbound thunderhulks
  2 eleionomae
  3 deep elf demonologists (Elf:3)
  12 green draconians
  4 deep elf death magi
  11 purple draconians
  8 bunyips
  18 red draconians
  2 war gargoyles
  8 black draconians
  8 deep elf annihilators
  12 spark wasps
  15 yellow draconians
  11 dire elephants
  3 eidola (Crypt:3)
  6 ettins
  Josephine (D:10)
  3 crystal guardians (Vaults:4)
  12 white draconians
  3 jiangshi
  2 deep elf high priests (Elf:3)
  9 fire dragons
  A shambling mangrove (Swamp:1)
  9 yaktaur captains
  3 entropy weavers
  A spriggan zombie (Crypt:2)
  A salamander tyrant (Snake:4)
  14 great orbs of eyes
  2 jorogumos (Zot:2)
  4 rakshasas
  A quicksilver dragon skeleton (Crypt:1)
  4 ghost crabs
  17 hydras
  A hell beast (Depths:3)
  8 vault guards
  2 sphinx zombies
  7 ironbound frosthearts
  5 ice dragons
  3 spriggan air magi
  3 peacekeepers (Vaults:4)
  5 alligators
  8 anacondas
  16 centaur warriors
  14 two-headed ogres
  6 boulder beetles
  13 deep troll shamans
  13 naga warriors
  27 dancing weapons
  9 tengu warriors
  12 deep troll earth magi
  2 sphinx skeletons
  A fenstrider witch skeleton (Crypt:2)
  3 vampire magi
  A titan zombie (Crypt:3)
  2 death yaks
  4 occultists
  7 shock serpents
  2 spriggan berserkers (Depths:4)
  11 orc high priests
  6 naga sharpshooters
  A spectral death yak (Lair:5)
  Sonja (Orc:2)
  18 deep elf knights
  A sun demon (Depths:2)
  A soul eater (Zot:4)
  A titan skeleton (Crypt:2)
  2 shadow wraiths
  A fire crab (D:8)
  5 skysharks
  12 iron trolls
  64 deep trolls
  A ghost moth zombie (Crypt:1)
  24 skeletal warriors
  7 flayed ghosts
  A spectral anaconda (Lair:5)
  2 iron giant zombies
  A spark wasp zombie (D:15)
  9 deep elf archers
  5 goliath frogs
  4 arcanists
  11 swamp dragons
  10 mana vipers
  A mana viper (shapeshifter) (Depths:2)
  A golden dragon skeleton (Depths:2)
  A tengu zombie (Vaults:4)
  11 bog bodies
  2 spriggan druids
  A sun moth (Slime:1)
  3 glowing orange brains
  A spectral hydra (Lair:2)
  5 phantasmal warriors
  10 necromancers
  10 ironbound convokers
  3 lindwurms (Vaults:1)
  A spriggan simulacrum (Depths:1)
  An iron dragon zombie (Depths:2)
  9 orc knights
  6 naga ritualists
  An orange crystal statue (Zot:5)
  13 deep elf pyromancers
  13 deep elf zephyrmancers
  A shadow dragon skeleton (Crypt:3)
  2 wolf spiders (Zot:2)
  10 orc sorcerers
  3 harpies
  A jorogumo zombie (Crypt:3)
  4 shining eyes
  2 tengu skeletons
  3 will-o-the-wisps
  A frost giant zombie (Depths:2)
  44 ugly things
  10 salamanders
  4 cyclopes
  Maurice (D:8)
  A human zombie (Vaults:1)
  6 manticores
  A frost giant skeleton (Depths:1)
  8 kobold blastminers
  14 moths of wrath
  An alligator skeleton (Crypt:3)
  8 centaur zombies (D:11)
  8 guardian serpents (Snake:4)
  11 vault sentinels
  21 elephants
  2 fire giant skeletons (Depths:2)
  16 naga magi
  An eye of devastation (shapeshifter) (Slime:2)
  A titan simulacrum (Crypt:2)
  A water nymph (Depths:1)
  A dire elephant zombie (Lair:5)
  7 spectral spriggans (Swamp:2)
  31 black mambas
  3 smoke demons (Depths:3)
  10 cane toads
  2 torpor snails
  5 eyes of devastation
  4 centaur skeletons (D:11)
  2 white draconian zombies
  A gargoyle (D:12)
  4 kobold demonologists
  A redback zombie (D:11)
  2 unseen horrors (D:11)
  A yaktaur zombie (Vaults:1)
  29 yaktaurs
  A dire elephant skeleton (Lair:5)
  8 komodo dragons
  7 rime drakes
  3 freezing wraiths
  6 tengu conjurers
  A guardian mummy (Crypt:3)
  8 trolls
  A tengu simulacrum (Vaults:4)
  A death drake zombie (Crypt:2)
  2 hellwings (D:11)
  7 hornets
  2 bloated husks (Swamp:2)
  13 tyrant leeches
  A harpy skeleton (Crypt:3)
  A polar bear (Lair:5)
  4 spectral elephants
  A black mamba (shapeshifter) (Vaults:1)
  A snapping turtle (Slime:1)
  3 glass eyes
  8 blink frogs
  A vampire (D:11)
  A satyr skeleton (Crypt:1)
  A dire elephant simulacrum (IceCv)
  3 shadows
  6 air elementals
  A guardian serpent skeleton (Crypt:2)
  87 slime creatures
  11 spriggans
  A spriggan (shapeshifter) (D:15)
  8 wyverns
  47 yaks
  An elf zombie (Vaults:1)
  A slime creature zombie (Crypt:3)
  A spectral komodo dragon (Lair:2)
  7 water elementals
  Grum (D:8)
  A basilisk (shapeshifter) (D:13)
  10 wraiths
  A fire bat (Elf:3)
  4 golden eyes
  2 fire elementals
  4 basilisks
  9 wargs
  12 vampire mosquitoes
  4 redbacks
  A death yak simulacrum (Lair:5)
  2 harpy simulacra (IceCv)
  Menkaure (D:4)
  3 spectral cane toads
  2 redbacks (shapeshifter)
  14 swamp worms
  38 nagas
  5 acid dragons
  A water moccasin (shapeshifter) (D:13)
  15 water moccasins
  54 orc warriors
  A glowing shapeshifter skeleton (Depths:1)
  4 swamp drakes (Swamp:4)
  4 ice beasts
  3 sky beasts
  5 black bears
  22 laughing skulls
  10 ogres
  A crocodile (Snake:4)
  5 wolves
  A spectral rime drake (Lair:2)
  2 elephant zombies (Lair:5)
  An elephant skeleton (Lair:5)
  13 centaurs
  A phantom (D:5)
  A rime drake zombie (Crypt:2)
  A swamp dragon skeleton (Crypt:3)
  A draconian zombie (Crypt:2)
  16 bullfrogs
  7 kobold brigands
  2 gnoll sergeants
  3 earth elementals
  2 cane toad simulacra
  A scorpion (D:7)
  A human skeleton (Vaults:1)
  A necrophage (Swamp:2)
  A wight (D:8)
  A cyclops skeleton (Crypt:2)
  A human simulacrum (Vaults:1)
  4 electric eels
  9 howler monkeys
  27 orc priests
  3 jellies
  3 hounds
  2 gnoll boudas
  2 iguanas
  26 orc wizards
  Terence (D:3)
  A wolf simulacrum (IceCv)
  A hound skeleton (Crypt:2)
  17 mummies
  18 gnolls
  9 adders
  5 shadow imps
  3 white imps
  4 ufetubi
  An adder zombie (Ossuary)
  A lava snake zombie (Crypt:3)
  5 ribbon worms
  2 dart slugs
  127 orcs
  5 ball pythons
  4 bats
  12 endoplasms
  A giant cockroach (D:4)
  13 goblins
  7 hobgoblins
  4 jackals (D:1)
  21 kobolds
  4 quokkas
  5 frilled lizards
  A frilled lizard skeleton (Crypt:1)
  A giant cockroach zombie (Crypt:1)
  A jackal zombie (Ossuary)
  A kobold zombie (Ossuary)
  An orc zombie (Ossuary)
  11 rats
  3 aspiring fleshes
2243 creatures vanquished.

Vanquished Creatures (collateral kills)
  An orb of fire (Zot:5)
  the Lernaean hydra (Swamp:4)
  Norris (Elf:1)
  Jory (Crypt:1)
  A tentacled monstrosity (Zot:3)
  2 Orb Guardians (Zot:5)
  A walking crystal tome (Depths:2)
  A deep elf master archer (Elf:3)
  A tengu reaver (Depths:2)
  A draconian monk (Depths:4)
  A draconian knight (Zot:3)
  A draconian shifter (Zot:2)
  2 deep elf sorcerers
  2 draconian scorchers (Zot:3)
  A vault warden (Vaults:3)
  A draconian stormcaller (Zot:3)
  2 very ugly things (Depths:2)
  3 deep elf death magi (Elf:3)
  2 deep elf annihilators (Elf:3)
  3 black draconians
  A red draconian (Depths:4)
  A deep elf demonologist (Elf:3)
  A dire elephant (Lair:5)
  A purple draconian (Zot:3)
  A slime creature (Vaults:4)
  A jiangshi (Vaults:3)
  An ettin (Depths:2)
  A quicksilver dragon skeleton (Depths:3)
  A hydra (D:13)
  An ogre mage (D:15)
  An alligator (Swamp:2)
  A ghost crab (Swamp:3)
  3 centaur warriors
  3 two-headed ogres
  8 dancing weapons
  A deep troll shaman (Depths:2)
  A deep troll earth mage (Vaults:3)
  A titan zombie (Depths:2)
  A naga sharpshooter (Snake:4)
  A deep elf knight (Elf:2)
  A fire crab (D:15)
  7 skeletal warriors
  A titan skeleton (Depths:3)
  5 deep trolls
  A naga ritualist (Snake:2)
  2 deep elf archers (Elf:1)
  An orb spider (Zot:2)
  A swamp dragon (Zot:2)
  7 deep elf pyromancers
  A golden dragon skeleton (Depths:3)
  A necromancer (Depths:3)
  2 deep elf zephyrmancers
  2 ironbound convokers (Vaults:3)
  2 harpies
  An orc sorcerer (Vaults:2)
  A salamander (Snake:4)
  3 ugly things (Depths:2)
  A manticore (D:15)
  A fire giant skeleton (Depths:3)
  A black mamba (Snake:4)
  A kobold blastminer (Orc:2)
  A naga mage (Snake:3)
  Maggie (D:8)
  A cane toad (shapeshifter) (Elf:2)
  A troll (Lair:1)
  A bloated husk (Swamp:2)
  A polar bear (Snake:4)
  A tyrant leech (Swamp:2)
  A wind drake (Elf:2)
  3 spriggans (Bailey)
  8 yaks
  A fire bat (Elf:2)
  A steam dragon (Bailey)
  A fire elemental (Elf:2)
  A vampire mosquito (D:13)
  A warg (Orc:2)
  2 nagas (Snake:4)
  An acid dragon (D:15)
  A fire bat skeleton (Crypt:1)
  2 orc warriors
  An ice beast (D:15)
  A sky beast (D:8)
  3 laughing skulls
  A black bear (D:15)
  7 ogres (Bailey)
  A tengu (Slime:1)
  2 elf zombies (Ossuary)
  A brain worm (Snake:4)
  2 bullfrogs (D:8)
  A necrophage (Swamp:2)
  A glowing shapeshifter simulacrum (Depths:3)
  3 wights (D:8)
  A howler monkey (Snake:4)
  A human zombie (Ossuary)
  2 orc priests
  2 orc wizards (D:8)
  A hound zombie (Ossuary)
  A gnoll (D:9)
  An adder zombie (Ossuary)
  9 orcs
  A hobgoblin (Snake:4)
  A hobgoblin zombie (Ossuary)
  A jackal zombie (Ossuary)
  An orc zombie (Ossuary)
179 creatures vanquished.

Vanquished Creatures (others)
  A quicksilver dragon (Zot:5)
  A draconian monk (Zot:5)
  A fire giant (Depths:2)
  A green draconian (Zot:1)
  2 yellow draconians (Zot:3)
  An orc sorcerer (Orc:2)
  A moth of wrath (Zot:5)
  3 bloated husks (Swamp:2)
  A tyrant leech (Swamp:2)
  A golden eye (Swamp:2)
  A water moccasin (Lair:1)
  8 foxfires
22 creatures vanquished.

Grand Total: 2444 creatures vanquished

Notes
Turn   | Place    | Note
-------+----------+-------------------------------------------
     0 | D:1      | postfeelist the Hill Orc Fighter began the quest for the
                  | Orb.
     0 | D:1      | Reached XP level 1. HP: 19/19 MP: 1/1
    55 | D:1      | Reached skill level 3 in Axes
    77 | D:1      | Reached XP level 2. HP: 26/26 MP: 2/2
   153 | D:1      | Reached skill level 4 in Axes
   591 | D:1      | Reached XP level 3. HP: 31/31 MP: 3/3
  1045 | D:2      | Reached skill level 5 in Axes
  1268 | D:2      | Reached XP level 4. HP: 39/39 MP: 4/4
  1749 | D:3      | Found a runed translucent gate.
  1749 | D:3      | Found a runed translucent gate.
  1750 | D:3      | Found a runed translucent gate.
  1750 | D:3      | Noticed mora's ghost (amateur DjAE)
  1753 | D:3      | Noticed a kobold brigand
  1770 | D:3      | Identified the +4 buckler of the Invisible Hand {+Blink
                  | +Inv rC- rN+}
  1829 | D:3      | Reached skill level 6 in Axes
  1849 | D:3      | Found a shadowy altar of Dithmenos.
  1849 | D:3      | Found a burning altar of Makhleb.
  1865 | D:3      | Found a faded altar of an unknown god.
  2080 | D:3      | Reached XP level 5. HP: 39/45 MP: 5/5
  2208 | D:3      | Noticed Terence
  2215 | D:3      | Killed Terence
  2216 | D:3      | Reached skill level 7 in Axes
  2217 | D:3      | HP: 2/45 [shadow imp/nerve-wracking pain (14)]
  2955 | D:4      | Reached XP level 6. HP: 50/51 MP: 6/6
  2967 | D:4      | Found a basalt altar of Yredelemnul.
  3008 | D:4      | Noticed Menkaure
  3015 | D:4      | Killed Menkaure
  3016 | D:4      | Reached skill level 8 in Axes
  3334 | D:4      | Found a glowing golden altar of the Shining One.
  3471 | D:4      | Found a staircase to the Ecumenical Temple.
  3486 | Temple   | Entered the Ecumenical Temple
  3596 | Temple   | Became a worshipper of Nemelex Xobeh the Trickster
  3996 | D:4      | Found a broken altar of Ashenzari.
  4002 | D:4      | Identified the +1 ring mail of the Sun {Dex+2}
  4193 | D:5      | Entered Level 5 of the Dungeon
  4234 | D:5      | Reached XP level 7. HP: 50/57 MP: 7/7
  4300 | D:5      | Reached skill level 5 in Shields
  4334 | D:5      | Identified the ring "Feesifur" {^Drain Fly rElec rPois rN+
                  | Int+3}
  4406 | D:5      | Reached skill level 9 in Axes
  4543 | D:5      | Noticed a moth of wrath
  4560 | D:5      | Found a hide-covered altar of Uskayaw.
  4560 | D:5      | Reached * piety under Nemelex Xobeh
  4630 | D:5      | Found a bloodstained altar of Trog.
  4813 | D:6      | Found a stormy altar of Qazlal.
  4975 | D:5      | Reached skill level 1 in Invocations
  5037 | D:6      | Found Zoprifuwk's Book Shoppe.
  5084 | D:6      | Found a hazy altar of Hepliaklqana.
  5191 | D:6      | Reached XP level 8. HP: 64/64 MP: 8/10
  5240 | D:6      | Reached skill level 10 in Axes
  5306 | D:6      | Received a gift from Nemelex Xobeh
  5467 | D:6      | Found Guriw's Jewellery Boutique.
  5672 | D:6      | Reached ** piety under Nemelex Xobeh
  5878 | D:7      | Found a sand-covered staircase.
  5883 | Ossuary  | Entered an ossuary
  5902 | Ossuary  | Reached skill level 5 in Invocations
  5959 | Ossuary  | Received a gift from Nemelex Xobeh
  6232 | D:7      | Reached skill level 11 in Axes
  6232 | D:7      | Reached XP level 9. HP: 59/70 MP: 13/13
  6673 | D:8      | Reached skill level 12 in Axes
  6715 | D:8      | Noticed Maggie
  6717 | D:8      | Noticed a centaur warrior
  6724 | D:8      | Killed a centaur warrior
  6728 | D:8      | Killed Maggie
  6729 | D:8      | Reached skill level 13 in Axes
  6729 | D:8      | Reached XP level 10. HP: 77/77 MP: 14/14
  6746 | D:8      | Noticed a two-headed ogre
  6758 | D:8      | Reached skill level 10 in Shields
  6759 | D:8      | Killed a two-headed ogre
  6869 | D:8      | Reached skill level 14 in Axes
  6910 | D:8      | Identified the ring "Orphax" {Ice rPois rN+ Slay-2 SInv}
  6910 | D:8      | Noticed a centaur warrior
  7277 | D:8      | Noticed Grum
  7278 | D:8      | Found a staircase to the Lair.
  7321 | D:8      | Noticed Maurice
  7326 | D:8      | Killed Maurice
  7332 | D:8      | Noticed a two-headed ogre
  7346 | D:8      | Killed a two-headed ogre
  7347 | D:8      | Reached skill level 15 in Axes
  7347 | D:8      | Reached XP level 11. HP: 51/82 MP: 15/15
  7402 | D:8      | Noticed a tengu warrior
  7587 | D:8      | Identified the staff of Brawling {Will+ Dex+3 Earth}
  7622 | D:8      | Killed a centaur warrior
  7843 | D:8      | Noticed a two-headed ogre
  8191 | D:9      | Reached *** piety under Nemelex Xobeh
  8542 | D:9      | Found a flagged portal.
  8548 | Bailey   | Entered a bailey
  8816 | Bailey   | Noticed a two-headed ogre
  8816 | Bailey   | Identified the +6 acid dragon scales "Cor Cuy" {rC++ rCorr}
  8824 | Bailey   | Killed a two-headed ogre
  8825 | Bailey   | Reached skill level 16 in Axes
  9035 | D:8      | Killed a two-headed ogre
  9231 | D:7      | Killed a tengu warrior
  9394 | D:8      | Killed Grum
  9534 | D:8      | Noticed a sixfirhy
  9711 | D:8      | Noticed a two-headed ogre
  9721 | D:8      | Killed a two-headed ogre
  9722 | D:8      | Reached XP level 12. HP: 80/92 MP: 19/19
  9965 | D:8      | Received a gift from Nemelex Xobeh
  9969 | D:8      | Found an opulent altar of Gozag.
  9970 | D:8      | Found a shimmering altar of Xom.
  9971 | D:8      | Found a shimmering altar of Xom.
  9971 | D:8      | Found a shimmering altar of Xom.
 10347 | D:9      | Reached **** piety under Nemelex Xobeh
 10350 | D:9      | Reached skill level 5 in Fighting
 10651 | D:9      | Received a gift from Nemelex Xobeh
 11001 | D:10     | Entered Level 10 of the Dungeon
 11001 | D:10     | Noticed a two-headed ogre
 11008 | D:10     | Killed a two-headed ogre
 11009 | D:10     | Reached skill level 5 in Armour
 11070 | D:10     | Noticed Josephine
 11089 | D:10     | Killed Josephine
 11233 | D:10     | Found a transporter.
 11234 | D:10     | Noticed fridis's ghost (novice MiFi)
 11297 | D:10     | Noticed a sun demon
 11358 | D:10     | Found a glowing silver altar of Zin.
 11490 | D:10     | Found a roughly hewn altar of Beogh.
 11490 | D:10     | Found a staircase to the Orcish Mines.
 11543 | D:10     | Found a transporter.
 12025 | D:11     | Received a gift from Nemelex Xobeh
 12333 | D:11     | Reached XP level 13. HP: 108/111 MP: 20/20
 12512 | D:11     | Reached skill level 10 in Fighting
 12649 | D:11     | Found a radiant altar of Vehumet.
 13261 | D:11     | Reached skill level 10 in Armour
 13484 | D:11     | Received a gift from Nemelex Xobeh
 13556 | D:12     | Reached ***** piety under Nemelex Xobeh
 13873 | D:12     | Reached skill level 10 in Invocations
 14147 | D:12     | Received a gift from Nemelex Xobeh
 14273 | D:12     | Reached skill level 17 in Axes
 15324 | D:13     | Received a gift from Nemelex Xobeh
 15390 | D:13     | Noticed a vault guard
 15629 | Lair:1   | Entered Level 1 of the Lair of Beasts
 15629 | Lair:1   | Noticed Gastronok
 15636 | Lair:1   | Killed Gastronok
 15650 | Lair:1   | Reached skill level 18 in Axes
 15734 | Lair:1   | Noticed Fannar
 15742 | Lair:1   | Fannar changed into Fannar the troll
 15742 | Lair:1   | Noticed Fannar
 15743 | Lair:1   | Killed Fannar the troll
 15922 | Lair:1   | Identified a scroll of acquirement
 15923 | Lair:1   | Acquired a +8 broad axe of flaming
 16122 | Lair:1   | Reached XP level 14. HP: 104/122 MP: 23/23
 16385 | D:6      | Bought the ring "Kyvudghya" {rF+ rC+ rN+} for 451 gold
                  | pieces
 16589 | Lair:2   | Found a staircase to the Snake Pit.
 17048 | Lair:2   | Found a staircase to the Swamp.
 17322 | Lair:3   | Received a gift from Nemelex Xobeh
 17925 | Lair:3   | Identified the +7 orcbow of Pride {heavy, ^Contam rC+ Int+2
                  | Dex+2}
 18496 | Lair:4   | Received a gift from Nemelex Xobeh
 18516 | Lair:4   | Found a staircase to the Slime Pits.
 18517 | Lair:4   | Found a viscous altar of Jiyva.
 18586 | Lair:4   | Reached skill level 15 in Invocations
 18929 | Lair:4   | Reached skill level 1 in Evocations
 18931 | Lair:4   | Reached skill level 1 in Throwing
 19399 | Lair:5   | Entered Level 5 of the Lair of Beasts
 19519 | Lair:5   | Reached XP level 15. HP: 68/128 MP: 15/26
 19717 | Lair:5   | Received a gift from Nemelex Xobeh
 19717 | Lair:5   | Found a frozen archway.
 19736 | IceCv    | Entered an ice cave
 19751 | IceCv    | Found a transporter.
 19761 | IceCv    | Found a transporter.
 20292 | Lair:5   | Received a gift from Nemelex Xobeh
 20646 | Lair:5   | Reached ****** piety under Nemelex Xobeh
 20668 | Lair:5   | Reached skill level 5 in Evocations
 20792 | Lair:5   | Identified the amulet "Vomm" {Acrobat ^Fragile rPois rC+
                  | Dex+4}
 20934 | Lair:5   | Reached skill level 15 in Shields
 21010 | Lair:5   | Identified the +1 leather armour of Fukeskap {^Drain Fly
                  | rN+++ Dex+2}
 21445 | Orc:1    | Entered Level 1 of the Orcish Mines
 21492 | Orc:1    | Received a gift from Nemelex Xobeh
 21500 | Orc:1    | Found a roughly hewn altar of Beogh.
 21638 | Orc:1    | Found Ilar Popu's Distillery.
 21694 | Orc:1    | Bought 2 potions of heal wounds for 170 gold pieces
 22070 | Orc:2    | Entered Level 2 of the Orcish Mines
 22445 | Orc:2    | Received a gift from Nemelex Xobeh
 22912 | Orc:2    | Noticed Sonja
 23091 | Orc:2    | Noticed an orc warlord
 23102 | Orc:2    | Found a roughly hewn altar of Beogh.
 23103 | Orc:2    | Killed an orc warlord
 23115 | Orc:2    | Killed Sonja
 23129 | Orc:2    | Found Noh Sousouj's General Store.
 23473 | Orc:2    | Found Yfagon's Armour Boutique.
 23920 | Orc:2    | Found a staircase to the Elven Halls.
 24216 | Orc:2    | Reached XP level 16. HP: 133/138 MP: 26/28
 24237 | Orc:2    | Found a roughly hewn altar of Beogh.
 24771 | Orc:2    | Found Dyerch Utal's Jewellery Emporium.
 24853 | Orc:2    | Found Ugouca's Magic Scroll Shoppe.
 24866 | Orc:2    | Received a gift from Nemelex Xobeh
 25241 | D:13     | Reached skill level 19 in Axes
 25484 | D:13     | Received a gift from Nemelex Xobeh
 25621 | D:13     | Found a gate to the Vaults.
 26002 | D:14     | Received a gift from Nemelex Xobeh
 26388 | D:14     | Found an opulent altar of Gozag.
 26712 | D:14     | Received a gift from Nemelex Xobeh
 26995 | D:15     | Entered Level 15 of the Dungeon
 27591 | D:15     | Paralysed by an ogre mage for 5 turns
 27689 | D:15     | Found a staircase to the Depths.
 27861 | D:15     | Found a portal to a secret trove of treasure.
 28462 | Swamp:1  | Entered Level 1 of the Swamp
 28640 | Swamp:1  | Reached XP level 17. HP: 121/149 MP: 24/29
 28930 | Swamp:1  | Received a gift from Nemelex Xobeh
 29925 | Swamp:2  | Identified the +7 great sword "Goasej" {speed, rElec rF+
                  | Dex+2}
 29983 | Swamp:2  | Received a gift from Nemelex Xobeh
 30052 | Swamp:2  | Reached skill level 10 in Evocations
 30059 | Swamp:2  | Reached skill level 20 in Axes
 30800 | Swamp:2  | Received a gift from Nemelex Xobeh
 30965 | Swamp:2  | Acquired the +8 mithril axe "Arga" {speed, Will+}
 30965 | Swamp:2  | Found the +8 mithril axe "Arga" {speed, Will+}
 31571 | Swamp:3  | Got the Incunable of the Commander
 31964 | Swamp:4  | Entered Level 4 of the Swamp
 32505 | Swamp:4  | Reached skill level 21 in Axes
 32506 | Swamp:4  | Noticed the 27-headed Lernaean hydra
 32990 | Swamp:4  | Reached XP level 18. HP: 157/157 MP: 31/31
 33987 | Swamp:4  | Killed the 27-headed Lernaean hydra
 34346 | Swamp:4  | Got a decaying rune of Zot
 34565 | Snake:1  | Entered Level 1 of the Snake Pit
 35133 | Snake:1  | Identified the serpent talisman of the Hurricane {rC+
                  | Str+4}
 35133 | Snake:1  | Noticed Aizul
 35153 | Snake:1  | Killed Aizul
 35257 | Snake:1  | Reached skill level 22 in Axes
 35588 | Snake:1  | Received a gift from Nemelex Xobeh
 36694 | Snake:2  | Identified the +2 long sword of the Saviour {vamp, Will-
                  | Str+6}
 37000 | Snake:2  | Received a gift from Nemelex Xobeh
 37323 | Snake:2  | Identified the +2 trident "Zeuh Uxzy" {freeze, Dex+2}
 37700 | Snake:3  | Found a flickering gateway to a bazaar.
 37709 | Bazaar   | Entered a bazaar
 37709 | Bazaar   | Found Idotton's Armour Boutique.
 37709 | Bazaar   | Found Keefovineu's Jewellery Shoppe.
 37709 | Bazaar   | Found Xafimat's Book Shop.
 37709 | Bazaar   | Found Aliusop's Distillery.
 37880 | Snake:3  | Received a gift from Nemelex Xobeh
 38715 | Snake:3  | Received a gift from Nemelex Xobeh
 38748 | Snake:3  | Identified the +0 cloak of Indemnity {Fly MP-9 Stlth+}
 39039 | Snake:4  | Entered Level 4 of the Snake Pit
 39554 | Snake:4  | Noticed Saint Roka
 39610 | Snake:4  | Killed Saint Roka
 39919 | Snake:4  | Reached XP level 19. HP: 136/163 MP: 29/32
 40768 | Snake:4  | Noticed Donald
 40789 | Snake:4  | Killed Donald
 40821 | Snake:4  | Received a gift from Nemelex Xobeh
 41987 | Snake:4  | Noticed Vashnia
 42002 | Snake:4  | Killed Vashnia
 42252 | Snake:4  | Got a serpentine rune of Zot
 42704 | Vaults:1 | Entered Level 1 of the Vaults
 43932 | Vaults:1 | Reached skill level 15 in Armour
 44111 | Vaults:1 | Received a gift from Nemelex Xobeh
 44786 | Vaults:1 | Received a gift from Nemelex Xobeh
 44984 | Vaults:2 | Reached XP level 20. HP: 170/171 MP: 34/34
 45237 | Vaults:2 | Identified the +0 hand axe of Corporal Punishment {heavy,
                  | Int+2}
 45834 | Vaults:2 | Received a gift from Nemelex Xobeh
 46492 | Vaults:2 | Received a gift from Nemelex Xobeh
 47104 | Vaults:2 | Found Okym's Jewellery Emporium.
 47215 | Vaults:2 | Received a gift from Nemelex Xobeh
 47488 | Vaults:3 | Received a gift from Nemelex Xobeh
 48240 | Vaults:3 | Received a gift from Nemelex Xobeh
 49372 | Vaults:3 | Found a staircase to the Crypt.
 49899 | Vaults:4 | Received a gift from Nemelex Xobeh
 49920 | Vaults:4 | Identified the +4 chain mail of Miweguoj {Harm rPois Int+5
                  | SInv}
 50066 | Vaults:4 | Found a glowing silver altar of Zin.
 50066 | Vaults:4 | Found a crumbling gateway.
 50066 | Vaults:4 | Found a white marble altar of Elyvilon.
 50175 | Vaults:4 | Found a glowing golden altar of the Shining One.
 50245 | Vaults:4 | Reached skill level 15 in Fighting
 50440 | Vaults:4 | Reached XP level 21. HP: 184/184 MP: 35/35
 51120 | Vaults:4 | Reached skill level 1 in Dodging
 51511 | Vaults:4 | Received a gift from Nemelex Xobeh
 51804 | Vaults:4 | Reached skill level 5 in Dodging
 52537 | D:6      | Bought the dreamshard necklace {Acrobat *Dream} for 2200
                  | gold pieces
 52537 | D:6      | Found the dreamshard necklace {Acrobat *Dream}
 52707 | Elf:1    | Entered Level 1 of the Elven Halls
 52750 | Elf:1    | Noticed Norris
 52860 | Elf:1    | Killed Norris
 53038 | Elf:1    | Received a gift from Nemelex Xobeh
 53858 | Elf:1    | Paralysed by an air elemental for 1 turns
 54399 | Elf:1    | Received a gift from Nemelex Xobeh
 54826 | Elf:1    | Received a gift from Nemelex Xobeh
 55367 | Elf:2    | Found Ehaiklor's Armour Shop.
 55405 | Elf:2    | Paralysed by an air elemental for 1 turns
 55454 | Elf:2    | Paralysed by an air elemental for 1 turns
 55583 | Elf:2    | Received a gift from Nemelex Xobeh
 55587 | Elf:2    | Found Capsukk's Jewellery Shoppe.
 55593 | Elf:2    | Found a runed translucent gate.
 55596 | Elf:2    | Found a runed translucent gate.
 55596 | Elf:2    | Found a runed translucent gate.
 55681 | Elf:2    | Reached XP level 22. HP: 187/198 MP: 36/36
 56076 | Elf:2    | Received a gift from Nemelex Xobeh
 56096 | Elf:2    | Reached skill level 10 in Dodging
 56688 | Elf:2    | Found Aqeudac's Antique Weapon Boutique.
 56997 | Elf:3    | Entered Level 3 of the Elven Halls
 57004 | Elf:3    | Identified the +0 chain mail of Umatwuma {Will- Str+2
                  | Int+5}
 57040 | Elf:3    | Paralysed by an air elemental for 1 turns
 57043 | Elf:3    | Paralysed by an air elemental for 1 turns
 57204 | Elf:3    | Received a gift from Nemelex Xobeh
 57447 | Elf:3    | Received a gift from Nemelex Xobeh
 58101 | Elf:3    | Identified the -2 hand axe of Conversion {freeze, Str+4
                  | Stlth-}
 59293 | Elf:3    | Paralysed by an air elemental for 1 turns
 59608 | Elf:3    | Identified the +8 trident "Dubiagg" {flame, rElec rPois rF+
                  | Int-3}
 60275 | Elf:3    | Identified the +6 scale mail of the Shore {rF++}
 61521 | Elf:3    | Identified the ring "Zanelueg" {rPois MP+9}
 61991 | Elf:3    | Identified the granite talisman of Enkuiziv {rC++ Int+7}
 62012 | Elf:3    | Found the +8 storm bow {elec, penet}
 62021 | Elf:3    | Got the Precepts of Transforming Abhorrent Rituals
 62068 | Elf:3    | Got the Volume of the Variable Coals
 62451 | Depths:1 | Entered Level 1 of the Depths
 62451 | Depths:1 | Received a gift from Nemelex Xobeh
 62494 | Depths:1 | Reached skill level 23 in Axes
 62679 | Depths:1 | Received a gift from Nemelex Xobeh
 63904 | Depths:1 | Found an ornate altar of the Wu Jian Council.
 64013 | Depths:1 | Found a gateway to Hell.
 64170 | Depths:1 | Received a gift from Nemelex Xobeh
 64537 | Depths:2 | Found Keyhiaf's Book Shoppe.
 65402 | Depths:2 | Reached XP level 23. HP: 173/204 MP: 37/37
 65963 | Depths:2 | Noticed a caustic shrike
 65973 | Depths:2 | Noticed a caustic shrike
 65976 | Depths:2 | Noticed a caustic shrike
 65978 | Depths:2 | Killed a caustic shrike
 65982 | Depths:2 | Killed a caustic shrike
 65983 | Depths:2 | Killed a caustic shrike
 66906 | Depths:2 | Noticed Vv
 67928 | Elf:2    | Bought the -2 hat of the Alchemist {rElec rPois rF+ rC+ rN+
                  | Will+ rMut rCorr} for 849 gold pieces
 67928 | Elf:2    | Found the -2 hat of the Alchemist {rElec rPois rF+ rC+ rN+
                  | Will+ rMut rCorr}
 68502 | Crypt:1  | Entered Level 1 of the Crypt
 68519 | Crypt:1  | Noticed Boris
 68529 | Crypt:1  | Killed Boris
 68530 | Crypt:1  | Noticed a royal mummy
 68536 | Crypt:1  | Noticed a royal mummy
 68540 | Crypt:1  | Noticed Khufu
 68573 | Vaults:3 | Killed a royal mummy
 69135 | Depths:2 | Found a one-way gateway to a ziggurat.
 69179 | Depths:2 | Noticed Sojobo
 69194 | Depths:2 | Paralysed by an air elemental for 1 turns
 69237 | Depths:2 | Killed Sojobo
 69633 | Depths:3 | Found a one-way gate to the infinite horrors of the Abyss.
 71021 | Depths:4 | Entered Level 4 of the Depths
 71021 | Depths:4 | Received a gift from Nemelex Xobeh
 71465 | Depths:4 | Noticed a juggernaut
 71474 | Depths:4 | Identified the +2 trident "Ywnioty" {holy, rElec Str+3
                  | Int+3}
 71484 | Depths:4 | Killed a juggernaut
 71485 | Depths:4 | Reached skill level 24 in Axes
 71727 | Depths:3 | Noticed Mara
 72218 | Depths:4 | Received a gift from Nemelex Xobeh
 72521 | Depths:4 | Reached XP level 24. HP: 184/216 MP: 28/38
 73106 | Depths:4 | Found a shimmering altar of Xom.
 73965 | Depths:4 | Found a gate to the Realm of Zot.
 75449 | Depths:4 | Found Asiach's Tremendous Tomes.
 75753 | Depths:4 | Found a faded altar of an unknown god.
 75754 | Depths:4 | Identified the +9 flail of Ofoe {flame, Will+ Dex+2}
 75784 | Depths:4 | Received a gift from Nemelex Xobeh
 76823 | Depths:2 | Identified the +7 war axe of the Protecting Gods {venom,
                  | ^Drain Str+7 SInv}
 77017 | Depths:2 | Identified the ring of Wogots {Fire ^Drain rPois Will++
                  | Str+2}
 77184 | Depths:2 | Received a gift from Nemelex Xobeh
 77452 | Depths:2 | Found a one-way gate leading to the halls of Pandemonium.
 78109 | Depths:2 | Killed Vv
 78613 | Slime:1  | Entered Level 1 of the Pits of Slime
 78646 | Slime:1  | Paralysed by a formless jellyfish for 1 turns
 78798 | Slime:2  | Received a gift from Nemelex Xobeh
 79563 | Slime:1  | Received a gift from Nemelex Xobeh
 79890 | Slime:3  | Received a gift from Nemelex Xobeh
 80042 | Slime:4  | Gained mutation: Potions are less effective at restoring
                  | your health. [a shining eye]
 80775 | Slime:5  | Entered Level 5 of the Pits of Slime
 80780 | Slime:5  | Received a gift from Nemelex Xobeh
 81545 | Slime:5  | Received a gift from Nemelex Xobeh
 81821 | Slime:5  | Noticed the Royal Jelly
 81824 | Slime:5  | the Royal Jelly changed into an acid blob shaped Royal
                  | Jelly
 81824 | Slime:5  | Noticed an acid blob shaped Royal Jelly
 81829 | Slime:5  | Killed an acid blob shaped Royal Jelly
 82193 | Slime:5  | Reached XP level 25. HP: 215/225 MP: 38/38
 82267 | Slime:5  | Identified the ring "Lihuq" {Fire Str+3}
 82285 | Slime:5  | Identified the +4 battleaxe of Wounding {flame, rElec rPois
                  | Str-5}
 82545 | Slime:5  | Identified the +0 scale mail of Calculation {rF+ rN+}
 82558 | Slime:5  | Got Barus's Quotidian Gnosis
 82561 | Slime:5  | Identified the storm talisman of Death's Door {rC++ Dex+2}
 82585 | Slime:5  | Got the Incunable of Refrigeration
 82594 | Slime:5  | Identified the ring of Miusm {Will- Str+2 Int+3 SInv}
 82600 | Slime:5  | Identified the +0 robe of Caustic Awe {rF- Int+4}
 82607 | Slime:5  | Got the Encyclopedia of Topomancy and the Arsonist
 82610 | Slime:5  | Got a slimy rune of Zot
 82873 | D:8      | Lost mutation: Potions are less effective at restoring your
                  | health. [potion of mutation]
 82873 | D:8      | Gained mutation: You are weak. (Str -2) [potion of
                  | mutation]
 82873 | D:8      | Gained mutation: You occasionally lose the ability to read
                  | scrolls when taking damage. [potion of mutation]
 82873 | D:8      | Gained mutation: You are occasionally teleported next to
                  | monsters. [potion of mutation]
 82874 | D:8      | Lost mutation: You occasionally lose the ability to read
                  | scrolls when taking damage. [potion of mutation]
 82874 | D:8      | Lost mutation: You are occasionally teleported next to
                  | monsters. [potion of mutation]
 82874 | D:8      | Lost mutation: You are weak. (Str -2) [potion of mutation]
 82874 | D:8      | Gained mutation: You are strong-willed. (Will+) [potion of
                  | mutation]
 82874 | D:8      | Gained mutation: You sometimes lose your temper in combat.
                  | [potion of mutation]
 82874 | D:8      | Gained mutation: Your mind is acute. (Int +4, Str/Dex -1)
                  | [potion of mutation]
 82875 | D:8      | Lost mutation: You are strong-willed. (Will+) [potion of
                  | mutation]
 82875 | D:8      | Lost mutation: You sometimes lose your temper in combat.
                  | [potion of mutation]
 82875 | D:8      | Gained mutation: You have a pair of small antennae on your
                  | head. [potion of mutation]
 82875 | D:8      | Gained mutation: You have sharp toenails. [potion of
                  | mutation]
 82875 | D:8      | Gained mutation: You passively map a small area around you.
                  | [potion of mutation]
 82875 | D:8      | Gained mutation: Your spells are a little harder to cast,
                  | but a little more powerful. [potion of mutation]
 83395 | Crypt:1  | Killed a royal mummy
 83468 | Crypt:1  | Killed Khufu
 83846 | Crypt:1  | Noticed Jory
 83880 | Crypt:1  | Killed Jory
 84015 | Crypt:1  | Noticed Bai Suzhen
 84068 | Crypt:1  | Killed Bai Suzhen
 84341 | Crypt:1  | Received a gift from Nemelex Xobeh
 84405 | Crypt:1  | Found a basalt altar of Yredelemnul.
 84446 | Crypt:1  | Noticed a dread lich
 84469 | Crypt:1  | Killed a dread lich
 84578 | Crypt:1  | Found an ancient bone altar of Kikubaaqudgha.
 84909 | Crypt:2  | Reached skill level 25 in Axes
 84928 | Crypt:2  | Identified the +1 rapier of Imaduing {freeze, rPois Int+2
                  | Dex-3}
 85100 | Crypt:2  | Received a gift from Nemelex Xobeh
 85873 | Crypt:3  | Entered Level 3 of the Crypt
 86282 | Crypt:3  | Received a gift from Nemelex Xobeh
 87475 | Crypt:3  | Found a staircase to the Tomb.
 87475 | Crypt:3  | Received a gift from Nemelex Xobeh
 90609 | Depths:3 | Killed Mara
 91128 | Depths:3 | Reached skill level 26 in Axes
 91139 | Depths:3 | Reached XP level 26. HP: 196/237 MP: 38/38
 91403 | Zot:1    | Entered Level 1 of the Realm of Zot
 91678 | Zot:1    | Received a gift from Nemelex Xobeh
 94505 | Zot:2    | Received a gift from Nemelex Xobeh
 95849 | Zot:2    | Received a gift from Nemelex Xobeh
 95880 | Zot:2    | Reached skill level 27 in Axes
 96243 | Zot:2    | Identified the +2 longbow "Zilushem" {drain, rElec rN++
                  | Str+2 Int-2}
 97081 | Zot:3    | Received a gift from Nemelex Xobeh
 98590 | Zot:2    | Gained mutation: You do not regenerate when monsters are
                  | visible. [mutagenic glow]
 98867 | Zot:3    | Reached XP level 27. HP: 233/250 MP: 39/39
100319 | Zot:4    | Received a gift from Nemelex Xobeh
102001 | Zot:5    | Entered Level 5 of the Realm of Zot
102909 | Zot:5    | Acquired 851 gold pieces
105103 | Zot:5    | Noticed an ancient lich
105728 | Zot:5    | Lost mutation: You passively map a small area around you.
                  | [potion of mutation]
105728 | Zot:5    | Lost mutation: Your spells are a little harder to cast, but
                  | a little more powerful. [potion of mutation]
105728 | Zot:5    | Gained mutation: You are frail. (-10% HP) [potion of
                  | mutation]
105728 | Zot:5    | Gained mutation: You expend magic power (3 MP) to
                  | strengthen your wands. [potion of mutation]
105729 | Zot:5    | Lost mutation: You do not regenerate when monsters are
                  | visible. [potion of mutation]
105729 | Zot:5    | Lost mutation: You have a pair of small antennae on your
                  | head. [potion of mutation]
105729 | Zot:5    | Lost mutation: Your mind is acute. (Int +4, Str/Dex -1)
                  | [potion of mutation]
105729 | Zot:5    | Gained mutation: Your muscles are strong. (Str +4, Int/Dex
                  | -1) [potion of mutation]
107273 | Zot:5    | Noticed an orb of fire
107279 | Zot:5    | Killed an orb of fire
107311 | Zot:5    | Noticed an orb of fire
107314 | Zot:5    | Gained mutation: You passively map a small area around you.
                  | [an orb of fire]
107315 | Zot:5    | Identified the +0 trident of Ascent {antimagic, rPois
                  | rCorr}
107317 | Zot:5    | Noticed an orb of fire
107317 | Zot:5    | Noticed an ancient lich
107319 | Zot:5    | Identified the +0 trident "Adimicseraj" {flame, Dex+4}
107332 | Zot:5    | Killed an ancient lich
107334 | Zot:5    | Killed an orb of fire
107338 | Zot:5    | Killed an orb of fire
107558 | Zot:5    | Killed an ancient lich
108490 | Zot:5    | Noticed an orb of fire
108766 | Zot:5    | Identified the -1 trident of Umokhequ {holy, rF+ Str+3}
108777 | Zot:5    | Killed an orb of fire
108784 | Zot:5    | Received a gift from Nemelex Xobeh
108862 | Zot:5    | Noticed an ancient lich
109222 | Zot:5    | Killed an ancient lich
109720 | Zot:5    | Got the Orb of Zot
109847 | Zot:3    | Noticed Hifi the pandemonium lord
110388 | D:$      | Escaped with the Orb!

Illustrated notes

Levels and vault maps discovered:
D:1:      dpeg_arrival_pits, layout_basic, serial_bayou, serial_bayou_shore_a,
          serial_bayou_crossing, serial_bayou_lagoon_a, serial_bayou_lake_a,
          serial_bayou_pond_d, minmay_misc_feat_square, grunt_decor_arrowhead
D:2:      layout_loops_cross
D:3:      layout_loops_ring, nicolae_overflow_two_pavilions,
          gammafunk_ghost_nasty_kobolds, ebering_ecumenical_altar_mist,
          uniq_terence
D:4:      kennysheep_spiral_hall, layout_basic, tso_oasis_becter,
          old_standard_altar, cheibrodos_ashenzari_chains,
          minmay_temple_entry_gardened_gates, uniq_menkaure
D:5:      layout_gridville, nicolae_uskayaw_murder_on_the_dancefloor, tgw_trog
D:6:      layout_gridville, nzn_hepliaklqana_mist_gate,
          nicolae_qazlal_beasts_of_the_sky, serial_shops, shop,
          ebering_dispersal_statue_hall, nicolae_inconvenience_store
D:7:      layout_gridville, enter_ossuary_2
D:8:      minmay_the_grid_octo_tiled_octocenter
          [minmay_the_grid_octo_concentric, minmay_the_grid_octo_pinwheel,
          minmay_the_grid_octo_shrine, minmay_the_grid_octo_chip,
          minmay_the_grid_octo_prize_square_snowflake,
          minmay_the_grid_square_5x5_checkered_sparse,
          minmay_the_grid_square_5x5_dogpile,
          minmay_the_grid_square_5x5_misaligned,
          minmay_the_grid_square_5x5_six_small], layout_gridville,
          minmay_lair_entry_lava, hex_medium, uniq_maurice, uniq_maggie,
          uniq_grum
D:9:      layout_grid_maze, enter_bailey_3
D:10:     layout_roguey [special_room_orc], lemuel_coloured_pillars_altar,
          david_orc_5, nzn_ghost_randoct, minivault_4, uniq_josephine
D:11:     cheibrodos_grave_circle, layout_basic, serial_undead, serial_undead_c,
          serial_undead_d, serial_undead_b, serial_undead_e,
          nicolae_vehumet_radiance
D:12:     minmay_razor_zed, layout_irregular_city
D:13:     layout_irregular_city, david_vaults_4, minmay_misc_feat_x,
          chequers_mini_garden
D:14:     minmay_general_purpose_star, layout_cave_pods,
          nicolae_gozag_seed_capital
D:15:     gammafunk_depths_entry_grave, layout_basic, nicolae_titane,
          enter_trove_3
Temple:   nicolae_temple_slightly_damp_pantheon
Lair:1:   layout_roguey, uniq_fannar, uniq_gastronok
Lair:2:   layout_roguey, nicolae_swamp_entry_spooky,
          minmay_snake_entry_guardpost_small
Lair:3:   layout_regular_city, infiniplex_staircase_pool, grunt_megastairs_2,
          lemuel_fruit_tree
Lair:4:   layout_layer_cave, nicolae_slime_entry_slimehenge,
          grunt_forest_large_clearings
Lair:5:   due_jungle_book, layout_regular_city, portal_ice_cave_entry_pillars_1,
          chequers_serial_rivers_small_b
Swamp:1:  layout_basic_swamp, nicolae_swamp_trees_clearing
Swamp:2:  nicolae_swamp_flooded_prison, layout_basic_swamp,
          nicolae_swamp_triple_paths
Swamp:3:  layout_falls_marsh, evilmike_swamp_ruin_house_2
Swamp:4:  swamp_old_school, layout_basic_swamp, nicolae_swamp_spriggan_camp
Snake:1:  layout_chambers, uniq_aizul
Snake:2:  layout_grid_shapes, grunt_megastairs_5
Snake:3:  layout_cave_pods, serial_shops, bzr_entry_water
Snake:4:  grunt_snake_rune_serpentine_throne, layout_gridlike,
          nicolae_snake_lava_pool, uniq_donald, uniq_vashnia, uniq_saint_roka
Slime:1:  layout_caves
Slime:2:  layout_caves
Slime:3:  layout_caves
Slime:4:  layout_caves
Slime:5:  slime_pit_nicolae_amoeboid
Orc:1:    cheibrodos_orc_guarddog, layout_diamond_mine, serial_shops, shop,
          basic_altar
Orc:2:    pubby_orc_utopia, uniq_sonja
Elf:1:    nicolae_elf_arrival_no_cutting_in_line, layout_onion_city,
          nicolae_elf_blasts_and_bolts, uniq_norris
Elf:2:    nicolae_elf_blades_crystal_corner, layout_loops_ring, serial_shops,
          nicolae_shop_tiny_statue_garden, nicolae_shop_gaudy_bauble, shop
Elf:3:    elf_hall, layout_geoelf_castle
Vaults:1: dpeg_vaults_monster_box, nicolae_vaults_more_shelving_2,
          nicolae_vaults_windows_and_doors_thing, grunt_vaults_hallway_long,
          nicolae_vaults_stepped_doors, nicolae_vaults_ring_of_whatevers,
          vaults_dpeg_hooks, nicolae_vaults_heart-shaped_vault, v_misc_18,
          ontoclasm_vaults_ligature, layout_vaults_big_room
Vaults:2: nicolae_vaults_little_squares_5, nicolae_vaults_sightless_eye,
          hangedman_vaults_stretched_pinwheel, nicolae_vaults_sesquioval_fish,
          v_misc_19, hangedman_vaults_maws, minmay_orc_keep,
          grunt_vaults_hallway_long, nicolae_vaults_surprise_closet,
          nicolae_vaults_display_case, layout_vaults_ring, serial_shops,
          nicolae_shop_gaudy_bauble, uniq_margery
Vaults:3: minmay_crypt_entry_simple_corners, hangedman_vaults_impose, v_misc_5,
          v_alt_pattern_4, nicolae_vaults_tetromino_L_2, v_misc_26, v_misc_19,
          v_misc_24, nicolae_vaults_variable_pillar_hall,
          nicolae_vaults_tetromino_Z_1, ontoclasm_vaults_twist,
          ontoclasm_vaults_chip, nicolae_vaults_trapezoid_2,
          layout_vaults_quadrants
Vaults:4: portal_desolation_entry_holy_temple, v_pattern_5,
          nicolae_vaults_oval_intersection, vaults_room_stairs_pillars,
          nicolae_vaults_disjoint_gnomons, v_misc_18, hangedman_vaults_snaps,
          nicolae_vaults_mini_display_case, nicolae_vaults_network_star,
          serial_library_hellmonk_open_square, serial_ice_m,
          layout_vaults_omnibox
Crypt:1:  layout_misc_corridors, nicolae_crypt_niches, st_stairs_13,
          hangedman_feature_mirror, grunt_crypt_arrival_webbed, uniq_khufu,
          uniq_jory, uniq_boris, uniq_bai_suzhen, uniq_josephina
Crypt:2:  layout_basic
Crypt:3:  david_glass_crypt, layout_misc_corridors,
          nicolae_tomb_entry_unfolded_pyramid_orthogonal
Depths:1: layout_basic, grunt_hell_entry_dis_old,
          serial_library_hellmonk_junction, pdpol_wu_jian_five_deadly_venoms
Depths:2: hangedman_grunt_twisty_little_passages, layout_gridlike,
          enter_ziggurat_d, minmay_misc_feat_tiny, hell_entry, serial_shops,
          nicolae_shop_just_a_little_nook, rand_demon_pan_entry_4,
          hangedman_decor_points, uniq_grunn, uniq_sojobo, uniq_vv
Depths:3: dreamdust_experimentation, layout_gridlike, abyss_entry, hellmouth_1,
          nicolae_two_hexagons, uniq_mara
Depths:4: regret_index_infernal_bastille, layout_long_grid, mu_enter_wizlab_3,
          pf_hell_entry_great_geh, minmay_misc_feat_chi,
          nicolae_shop_i_like_big_books, roderic_roman_lattice,
          regret_index_xom_buried_treasure
Zot:1:    layout_onion_interference
Zot:2:    layout_cellular_growth, regret_index_zotdec_banners
Zot:3:    layout_gridville, regret_index_zotdec_gossamer_parallel
Zot:4:    layout_onion_interference, skrybe_zot_glass_1
Zot:5:    layout_misc_corridors

Skill      XL: |  1  2  3  4  5  6  7  8  9 10 11 12 13 14 15 16 17 18 19 20 21 22 23 24 25 26 27 |
---------------+----------------------------------------------------------------------------------+-----
Axes           | 3 4 5 6 7 8 9 11 13 15 16 18 19 21 22 23 24 26 27 | 27.0
Shields        | 4 6 7 9 11 13 14 15 16 17 19 20 21 23 25 | 25.1
Invocations    | 2 5 6 9 12 15 16 17 18 19 20 21 22 23 24 26 | 26.3
Fighting       | 4 9 10 11 13 15 16 18 19 21 | 21.2
Armour         | 8 10 11 12 13 15 16 17 19 22 24 26 | 26.1
Evocations     | 3 8 9 10 12 | 12.6
Throwing       | 3 4 |  4.5
Dodging        | 9 12 | 12.9

Action                     |  1- 3 |  4- 6 |  7- 9 | 10-12 | 13-15 | 16-18 | 19-21 | 22-24 | 25-27 || total
---------------------------+-------+-------+-------+-------+-------+-------+-------+-------+-------++-------
  Melee: War axe           |   125 |   152 |   266 |     5 |       |       |       |       |       ||   548
         Broad axe         |       |       |       |   548 |  1055 |  1214 |  1665 |  1886 |  2647 ||  9015
         Kick              |       |       |       |       |       |       |       |       |    10 ||    10
  Throw: Boomerang         |       |     4 |    37 |    30 |    35 |       |       |       |       ||   106
         Throwing net      |       |       |       |       |     1 |       |       |       |       ||     1
 Invoke: Draw Destruction  |       |       |     7 |     7 |    22 |    35 |    55 |    43 |    35 ||   204
         Draw Summoning    |       |       |     2 |     8 |     9 |    16 |    18 |    26 |    21 ||   100
         Draw Escape       |       |       |     1 |     1 |     7 |    19 |    18 |    15 |    20 ||    81
         Deal Four         |       |       |       |       |     2 |     3 |       |    13 |     7 ||    25
  Evoke: Wand              |       |       |     2 |       |    12 |    68 |    20 |    38 |    40 ||   180
         Condenser vane    |       |       |       |       |     1 |     1 |       |     1 |       ||     3
         Lightning rod     |       |       |       |       |       |     4 |       |     4 |       ||     8
    Use: Scroll            |       |     7 |     9 |     8 |    12 |     6 |     4 |    14 |     7 ||    67
         Potion            |       |       |       |       |       |     1 |     1 |    14 |    15 ||    31
   Stab: Distracted        |       |       |       |     1 |     1 |     2 |     4 |     5 |     1 ||    14
         Petrified         |       |       |       |       |       |     2 |       |    10 |       ||    12
         Petrifying        |       |       |       |       |       |       |       |     2 |       ||     2
 Armour: Scale mail        |    78 |   101 |       |       |       |       |       |       |       ||   179
         Chain mail        |       |    19 |   183 |   278 |   554 |   709 |   648 |   674 |       ||  3065
         Gold dragon scale |       |       |       |       |       |       |       |   302 |  1246 ||  1548
  Dodge: Dodged            |    68 |    48 |    38 |    84 |   155 |   187 |   210 |   309 |   379 ||  1478
  Block: Buckler           |    30 |    22 |       |       |       |       |       |       |       ||    52
         Tower shield      |       |    48 |   221 |   548 |   845 |   984 |  1210 |  1250 |  1605 ||  6711
